AoeStats
← Bongo12

Arena

510288957Analyzed
2v2 RM · 1d ago on Sep 30, 2026· 39m 37s· 4 players
Game mode
Random Map
Map size
Medium (4 player)
Population
200
Speed
Normal
Resources
Standard
Victory
Conquest
Starting age
Dark Age
Ending age
Imperial Age
RankedLock teamsTeams togetherTeam positionsShared explorationLock speedFull tech treeHidden civsTurbo modeCheats
Victory
Defeat
🇳🇿 Burgundians · New Zealand
1136
+12
🇨🇳 Italians · China
1089
+13
🇸🇰 Cumans · Slovakia
1039
-13
1031
-12
Rado
6:01 Loom
9:04 Feudal Age
9:42 Double-Bit Axe
18:30 Wheelbarrow
26:16 Castle Age
37:13 Scale Mail Armor
37:24 Forging
37:04 Fletching
37:15 Padded Archer Armor
37:53 Padded Archer Armor
希望大陸人有素質一點
8:20 Loom
10:44 Feudal Age
14:56 Castle Age
14:00 Double-Bit Axe
15:00 Loom
21:18 Horse Collar
23:21 Bow Saw
24:05 Pikeman
24:46 Squires
24:32 Arson
26:01 Scale Mail Armor
27:31 Forging
27:24 Chieftains
27:47 Chain Mail Armor
29:02 Heavy Plow
33:02 Gold Mining
36:32 Imperial Age
34:47 Gold Shaft Mining
35:35 Iron Casting
37:54 Conscription
37:13 Elite Berserk
40:02 Crop Rotation
Bongo12
10:33 Feudal Age
15:15 Castle Age
13:07 Double-Bit Axe
16:22 Bow Saw
18:04 Horse Collar
19:04 Cavalier
21:06 Husbandry
22:04 Scale Barding Armor
25:16 Wheelbarrow
28:00 Town Watch
29:24 Hand Cart
33:36 Loom
33:52 Heavy Plow
33:54 Town Patrol
34:48 Chain Barding Armor
38:02 Imperial Age
38:35 Crop Rotation
39:13 Two-Man Saw
38:26 Forging
38:22 Paladin
39:51 Plate Barding Armor
39:52 Iron Casting
285066173
10:20 Feudal Age
11:10 Loom
15:52 Castle Age
15:33 Double-Bit Axe
23:18 Wheelbarrow
25:58 Fletching
26:09 Padded Archer Armor
27:46 Bodkin Arrow
34:04 Imperial Age
33:49 Ballistics
33:52 Leather Archer Armor
34:22 Hand Cart
34:56 Bracer
35:27 Ring Archer Armor
36:42 Conscription
39:13 Chemistry
38:08 Stone Mining
38:09 Gold Mining
38:49 Bow Saw
Connection lost

Rejoining the realm…

Still unreachable

The connection could not be restored.

Session expired

The server has moved on; the page needs a fresh start.